 Dungeon Crawl Stone Soup version 0.28.0-45-g0d030f2227 (webtiles) character file.

Game seed: 7267249686986499744

55 MisterFreud the Poker (level 3, 0/34 HPs)
             Began as a Naga Fighter on Apr 24, 2022.
             Slain by a black bear (4 damage)
             ... on level 2 of the Dungeon.
             The game lasted 00:02:10 (1559 turns).

MisterFreud the Poker (Naga Fighter)                Turns: 1559, Time: 00:02:10

Health: 0/34       AC:  5    Str: 20    XL:     3   Next: 93%
Magic:  3/3        EV:  7    Int:  8    God:
Gold:   82         SH:  4    Dex: 10    Spells: 2/2 levels left

rFire   . . .      SeeInvis +   a - +0 trident
rCold   . . .      Faith    .   c - +0 buckler
rNeg    . . .      Spirit   .   b - +0 scale mail
rPois   +          Reflect  .   (no helmet)
rElec   .          Harm     .   l - +0 cloak
rCorr   .          Rampage  .   (no gloves)
Will    .....                   (no barding)
Stlth   ..........              (no amulet)
HPRegen 0.11/turn               (no ring)
MPRegen 0.08/turn               (no ring)

@: mighty, very slow
A: AC +1, large, see invisible, deformed body, poison resistance, slowness 2,
spit poison 1, naga tail 1
a: Spit Poison


You were on level 2 of the Dungeon.
You visited 1 branch of the dungeon, and saw 2 of its levels.

You collected 82 gold pieces.

Inventory:

Hand Weapons
 a - a +0 trident (weapon)
Armour
 b - a +0 scale mail (worn)
 c - a +0 buckler (worn)
 l - a +0 cloak (worn)
Scrolls
 e - a scroll of brand weapon {unknown}
 h - a scroll of enchant weapon {unknown}
 j - a scroll of teleportation {unknown}
 m - a scroll of silence {unknown}
Potions
 f - a potion of heal wounds
 g - a potion of curing
 i - a potion of resistance {unknown}
 k - a potion of mutation {unknown}


   Skills:
 - Level 3.0 Fighting
 + Level 4.1 Polearms
 - Level 2.4 Armour
 - Level 2.4 Shields


You had 2 spell levels left.
You didn't know any spells.
Your spell library contained the following spells:

 Spells                   Type           Power      Damage    Failure   Level
 Sublimation of Blood     Necr           0%         N/A       93%         2
 Petrify                  Tmut/Erth      0%         N/A       100%        4
 Irradiate                Conj/Tmut      0%         3d14      100%        5


Dungeon Overview and Level Annotations

Branches:
Dungeon (2/15)

Altars:


Innate Abilities, Weirdness & Mutations

Your serpentine skin is tough. (AC +1)
You have supernaturally acute eyesight. (SInv)
Armour fits poorly on your strangely shaped body.
Your system is resistant to poisons. (rPois)
You cover ground very slowly.
You can spit poison.
You have a snake-like lower body.


Message History

You feel very mighty all of a sudden.
You puncture the black bear!
The black bear is heavily wounded.
The black bear bites you.
The black bear claws you but does no damage.
The black bear completely misses you.
You hit the black bear but do no damage.
The black bear is heavily wounded.
You have got your breath back.
The black bear bites you. You block the black bear's attack.
The black bear claws you. The black bear closely misses you.
The black bear claws you but does no damage.
The black bear closely misses you.
You puncture the black bear!
The black bear is almost dead.
The black bear bites you but does no damage.
The black bear claws you but does no damage.
The black bear claws you.
You barely miss the black bear.
The black bear is almost dead.
The black bear closely misses you. The black bear claws you.
The black bear barely misses you.
You barely miss the black bear.
The black bear is almost dead.
You block the black bear's attack. The black bear claws you.
The black bear barely misses you.
You barely miss the black bear.
The black bear is almost dead.
The black bear bites you. You block the black bear's attack.
The black bear claws you.
You are too injured to fight recklessly!
You barely miss the black bear.
The black bear is almost dead.
The black bear goes berserk!
You barely miss the black bear.
The black bear is severely wounded.
The black bear bites you!
* * * LOW HITPOINT WARNING * * *
The black bear claws you.
You die...

#### .. ..#.# .... .#
#.#.# #..####.######.#.#
#..##..>.........#
#..#........#...#####
#.....# #.........#
#.....# #.#...###.#
......# #.....@...#####
....#.# #.##...h.......
...##.#####.######).#####
...##.......# ..#
>..#####..### ..# ....
#..# ..# ...#. #..# ..#
...... ...# ..# ###.# ...


You could see a black bear (berserk).

Vanquished Creatures
  2 adders (D:2)
  4 endoplasms
  A giant cockroach (D:1)
  6 goblins
  4 jackals (D:1)
  3 kobolds (D:1)
  A quokka (D:2)
  A ball python (D:1)
  2 bats (D:1)
  11 frilled lizards (D:1)
  A rat (D:2)
36 creatures vanquished.

Notes
Turn   | Place    | Note
-------+----------+-------------------------------------------
     0 | D:1      | MisterFreud the Naga Fighter began the quest for the Orb.
     0 | D:1      | Reached XP level 1. HP: 21/21 MP: 1/1
   462 | D:1      | Reached XP level 2. HP: 22/28 MP: 2/2
   602 | D:1      | Reached skill level 3 in Polearms
   980 | D:1      | Reached XP level 3. HP: 34/34 MP: 3/3
  1291 | D:2      | Reached skill level 4 in Polearms
  1545 | D:2      | Noticed a black bear
  1559 | D:2      | Slain by a black bear

Illustrated notes

Levels and vault maps discovered:
D:1:      dpeg_chamrin_arrival_tetris, layout_rooms, minmay_lizard_pond
D:2:      layout_loops_ring, ebering_ecumenical_altar_abandoned

Skill      XL: |  1  2  3 |
---------------+----------+-----
Polearms       | 3 4 |  4.1
Fighting       | |  3.0
Armour         | |  2.4
Shields        | |  2.4

Action                   || total
-------------------------++-------
Melee: Trident           ||    77
 Abil: Spit Poison       ||    28
  Use: Scroll            ||     2
       Potion            ||     1
Armor: Scale mail        ||    24
Dodge: Dodged            ||    24
Block: Buckler           ||    10
